 Dungeon Crawl Stone Soup version 0.29-a0-319-gad05b8d819 (webtiles) character file.

Game seed: 9380362696945168358

125 iamserjio the Chopper (level 4, -11/33 HPs)
             Began as a Mummy Gladiator on Apr 2, 2022.
             Killed by divine providence
             ... invoked by an orc priest
              (15 damage)
             ... on level 4 of the Dungeon.
             The game lasted 00:03:24 (367 turns).

iamserjio the Chopper (Mummy Gladiator)              Turns: 367, Time: 00:03:25

Health: -11/33     AC: 10    Str: 19    XL:     4   Next: 82%
Magic:  4/4        EV:  8    Int:  7    God:
Gold:   21         SH:  0    Dex: 13    Spells: 3/3 levels left

rFire   x . .      SeeInvis .   g - +1 flail (drain)
rCold   + . .      Faith    .   (no shield)
rNeg    + + +      Spirit   .   h - +0 chain mail
rPois   ∞          Reflect  .   c - +0 helmet
rElec   .          Harm     .   i - +0 cloak
rCorr   .          Rampage  .   (no gloves)
Will    .....                   (no boots)
Stlth   ..........              (no amulet)
HPRegen 0.11/turn               (no ring)
MPRegen 0.09/turn               (no ring)

@: no status effects
A: cold resistance 1, negative energy resistance 3, torment resistance 2, heat
vulnerability 1, in touch with death 1, no potions
a: no special abilities


You were on level 4 of the Dungeon.
You visited 1 branch of the dungeon, and saw 4 of its levels.

You collected 21 gold pieces.

Inventory:

Hand Weapons
 a - a +0 war axe
 g - a +1 flail of draining (weapon)
Missiles
 e - a javelin (quivered)
Armour
 b - a +0 leather armour
 c - a +0 helmet (worn)
 f - a +0 ring mail
 h - a +0 chain mail (worn)
 i - a +0 cloak (worn)
Jewellery
 l - a ring of ice
Scrolls
 j - 4 scrolls of identify {unknown}
 k - a scroll of fog {unknown}


   Skills:
 - Level 2.0 Fighting
 * Level 4.0 Axes
 + Level 2.6 Throwing
 - Level 2.4 Dodging


You had 3 spell levels left.
You didn't know any spells.
Your spell library was empty.

Dungeon Overview and Level Annotations

Branches:
Dungeon (4/15)
 Temple: D:4-7

Altars:

Annotations:
D:2 Sigmund


Innate Abilities, Weirdness & Mutations

You are immune to poison.
Your flesh is cold resistant. (rC+)
You are immune to negative energy. (rN+++)
You are immune to unholy pain and torment.
You are vulnerable to heat. (rF-)
You are in touch with the powers of death.
You do not drink.


Message History

The kobold shouts!
You hear a bark!
You hear a shout!
You hear a bark!
Found an escape hatch in the ceiling.
A jackal comes into view.
Found a scroll labelled CUDGHY LAUL XEX.
The jackal barks!
The kobold hits you with a +0 whip.
The jackal moves out of view.
You sock the kobold!
You kill the kobold!
Things that are here:
a +0 whip; a kobold corpse You barely miss the jackal.
An orc comes into view. It is wielding a +0 mace.
The jackal barely misses you.
You closely miss the jackal.
The jackal bites you but does no damage. x2
You hit the jackal.
You kill the jackal!
You barely miss the orc.
An orc wizard comes into view. It is wielding a +0 dagger.
An orc priest comes into view. It is wielding a +0 dagger.
Found a dagger.
The orc wizard shouts!
The orc priest shouts!
A jackal comes into view.
An orc wizard comes into view. It is wielding a +0 hand axe.
The orc wizard points at you and mumbles some strange words.
You resist with some effort. The orc hits you with a +0 mace.
* * * LOW HITPOINT WARNING * * *
The orc closely misses you.
Things that are here:
a +0 whip; a kobold corpse Throw: throwing net {!f}
Aim: an orc wizard, wielding a +0 dagger and wearing a +0 robe (51% to hit)
You throw a throwing net {!f}.
The throwing net {!f} closely misses the orc wizard.
The orc wizard barely misses you. The orc hits you with a +0 mace.
* * * LOW HITPOINT WARNING * * *
The orc hits you but does no damage.
The orc priest mumbles some strange prayers to Beogh against you.
Beogh smites you!
You die...

#.. o.... ..
...... ..
o.....
?###..)o.
.>... .##
#.h###.<##.
###o##.......
##..o)#.......
#...@.#...?...
#...#.#.......
#......#
#..<†..#
#.<#........
#..#####.....
#. .#.## ..
...# ..##


You could see an orc priest, an orc wizard, an orc and a jackal.

Vanquished Creatures
  A scorpion (D:4)
  Terence (D:2)
  3 endoplasms
  10 goblins
  5 hobgoblins
  9 jackals
  3 bats (D:1)
  2 kobolds
34 creatures vanquished.

Notes
Turn   | Place    | Note
-------+----------+-------------------------------------------
     0 | D:1      | iamserjio the Mummy Gladiator began the quest for the Orb.
     0 | D:1      | Reached XP level 1. HP: 16/16 MP: 1/1
    45 | D:2      | Noticed Terence
    59 | D:2      | Killed Terence
    60 | D:2      | Reached skill level 3 in Axes
    60 | D:2      | Reached XP level 2. HP: 7/22 MP: 2/2
    60 | D:2      | Gained mutation: You are in touch with the powers of death.
                  | [Mummy growth]
    60 | D:2      | Reached XP level 3. HP: 8/27 MP: 3/3
    79 | D:2      | Noticed Sigmund
   204 | D:1      | Found a faded altar of an unknown god.
   335 | D:4      | Noticed a scorpion
   352 | D:4      | Killed a scorpion
   353 | D:4      | Reached skill level 4 in Axes
   353 | D:4      | Reached XP level 4. HP: 10/33 MP: 4/4
   367 | D:4      | Killed from afar by an orc priest

Illustrated notes

Levels and vault maps discovered:
D:1:      roderic_chinese_lattice_arrival, layout_loops_ring,
          basic_ecumenical_altar
D:2:      layout_basic, basic_altar, uniq_robin, uniq_sigmund, uniq_terence
D:3:      layout_basic, uniq_grinder, uniq_jessica
D:4:      layout_rooms, uniq_eustachio, uniq_natasha, uniq_edmund

Skill      XL: |  1  2  3 |
---------------+----------+-----
Axes           | 3 4 |  4.0
Throwing       | 2 |  2.6
Fighting       | |  2.0
Dodging        | |  2.4

Action                   |  1- 3 |  4- 6 || total
-------------------------+-------+-------++-------
Melee: War axe           |    20 |       ||    20
       Flail             |    50 |     5 ||    55
       Punch             |     1 |       ||     1
Throw: Throwing net      |     4 |     1 ||     5
 Stab: Held in net/web   |     1 |       ||     1
Armor: Ring mail         |     4 |       ||     4
       Chain mail        |    31 |     3 ||    34
Dodge: Dodged            |    27 |     3 ||    30

Table legend: (Time is in decaauts)
 A = Elapsed time spent in this place.
 B = Non-inter-level travel time spent in this place.
 C = Inter-level travel time spent in this place.
 D = Time resting spent in this place.
 E = Time spent auto-exploring this place.
 F = Levels seen in this place.
 G = Mean time per level.
                   A        B        C        D        E       F      G
               +--------+--------+--------+--------+--------+-----+--------+
         Total |    390 |    390 |      0 |      0 |      0 |   4 |   97.5 |
       Dungeon |    390 |    390 |      0 |      0 |      0 |   4 |   97.5 |
               +--------+--------+--------+--------+--------+-----+--------+

Top non-repeatable levels by time:
     D:1: 225 daAuts
     D:2: 101 daAuts
     D:4: 37 daAuts
     D:3: 26 daAuts
